 Dungeon Crawl Stone Soup version 0.25-a0-865-gd392131cc7 (webtiles) character file.

Game seed: 1444980411124662078, levelgen mode: deterministic

172 Anathary the Chopper (level 5, -1/37 HPs)
             Began as an Octopode Fighter on Apr 30, 2020.
             Slain by an orc wizard
             ... wielding a +0 dagger
              (4 damage)
             ... on level 4 of the Dungeon.
             The game lasted 00:08:31 (2232 turns).

Anathary the Chopper (Octopode Fighter)             Turns: 2232, Time: 00:08:34

Health: -1/37      AC:  1    Str: 15    XL:     5   Next: 53%
Magic:  5/5        EV: 12    Int: 10    God:
Gold:   122        SH: 11    Dex: 13    Spells: 4/4 levels left

rFire    . . .     SeeInvis .   a - +0 war axe
rCold    . . .     Gourm    .   n - +2 kite shield
rNeg     . . .     Faith    .   (helmet restricted)
rPois    .         Spirit   .   (no amulet)
rElec    .         Reflect  .   (no ring)
rCorr    .         Harm     .   (no ring)
MR       .....                  (no ring)
Stlth    +++.......             (no ring)
HPRegen  0.12/turn              (no ring)
MPRegen  0.09/turn              (no ring)
                                (no ring)
                                (no ring)

@: no status effects
A: almost no armour, stealthy swim, amphibious, 8 rings, constrict 8, camouflage
1, gelatinous body 1
a: no special abilities


You were on level 4 of the Dungeon.
You were not hungry.

You visited 1 branch of the dungeon, and saw 4 of its levels.

You collected 122 gold pieces.

Inventory:

Hand Weapons
 a - a +0 war axe (weapon)
Armour
 n - a +2 kite shield (worn)
Scrolls
 b - 2 scrolls of remove curse {unknown}
 e - 5 scrolls of blinking {unknown}
 f - a scroll of teleportation {unknown}
 g - a scroll of enchant weapon {unknown}
 h - 6 scrolls of identify {unknown}
 l - 2 scrolls of magic mapping {unknown}
Potions
 c - a potion of might
 i - a potion of lignification {unknown}
 j - a potion of resistance {unknown}
 k - 2 potions of curing {unknown}
 m - 3 potions of stabbing {unknown}
 o - a potion of heal wounds {unknown}
Comestibles
 d - a ration


   Skills:
 + Level 3.6 Fighting
 + Level 3.8 Axes
 + Level 3.5 Dodging
 + Level 2.4 Stealth
 + Level 3.5 Shields


You had 4 spell levels left.
You didn't know any spells.
Your spell library was empty.

Dungeon Overview and Level Annotations

Branches:
Dungeon (4/15)
 Temple: D:4-7

Altars:


Innate Abilities, Weirdness & Mutations

You cannot wear most types of armour.
You are very stealthy in the water. (Stealth+)
You are amphibious.
You can wear up to eight rings at the same time.
You can use your tentacles to constrict eight enemies at once.
Your skin changes colour to match your surroundings (Stealth+).
Your rubbery body absorbs attacks. (AC +1, EV +1)


Message History

An orc comes into view. It is wielding a +0 falchion.
A puff of flame appears from out of thin air!
The puff of flame hits you!
* * * LOW HITPOINT WARNING * * *
You start resting.
The orc is too close now for your liking.
You barely miss something. Something hits you.
* * * LOW HITPOINT WARNING * * *
You barely miss the orc. You grab the orc. You barely miss something.
You constrict the orc. Something hits you.
* * * LOW HITPOINT WARNING * * *
The orc closely misses you.
You hit the orc.
The orc is almost dead.
You barely miss something. You constrict the orc.
You kill the orc!
You block something's attack.
An orc comes into view. It is wielding a +0 hand axe.
Something hits you.
You die...

#############
#####{.oo....... #####
#...#.##o####.#.# ...#
#.....##@........ ...#
#.oo####...####+###...#
# #......
##.#8..#...8#.. .
#.###.. #.#....#...#.#
. # #..
#.#...#.)).#.###. ..o
#.##.#.#[#.'..#.. .##{
#.'.#.#[#.##).... . #o
#.#....#...#).#..
#.#...#....#)#<..


You could see 3 orcs.

Vanquished Creatures
  A crimson imp (D:4)
  An orc wizard (D:4)
  4 gnolls (D:3)
  2 adders (D:2)
  A worm (D:3)
  A dart slug (D:1)
  9 orcs
  3 bats
  3 giant cockroaches
  3 goblins
  A hobgoblin (D:3)
  5 kobolds
  A frilled lizard (D:1)
  7 rats
42 creatures vanquished.

Notes
Turn   | Place    | Note
-------+----------+-------------------------------------------
     0 | D:1      | Anathary the Octopode Fighter began the quest for the Orb.
     0 | D:1      | Reached XP level 1. HP: 16/16 MP: 1/1
    73 | D:1      | You fall into a shaft and drop 1 floor!
   300 | D:1      | Reached XP level 2. HP: 20/21 MP: 2/2
   858 | D:2      | Reached XP level 3. HP: 22/26 MP: 3/3
  1390 | D:3      | Reached skill level 1 in Stealth
  1390 | D:3      | Reached XP level 4. HP: 23/31 MP: 4/4
  2082 | D:4      | Reached XP level 5. HP: 15/36 MP: 5/5
  2232 | D:4      | Slain by an orc wizard

Levels and vault maps discovered:
D:1:      dpeg_arrival_shrine, layout_loops_ring
D:2:      layout_rooms, serial_bayou_pond_e, serial_park_tiny_pond,
          chequers_serial_rivers_small_3, chequers_garden
D:3:      layout_loops_ring
D:4:      layout_loops_corners, nicolae_gozag_zags_fifth_avenue,
          lemuel_doored_altar, first_ration,
          lightli_ossuary_entry_decrepit_ruins, minivault_1

Skill      XL: |  1  2  3  4 |
---------------+-------------+-----
Stealth        | 1 2 |  2.4
Axes           | 3 |  3.8
Fighting       | |  3.6
Dodging        | |  3.5
Shields        | |  3.5

Action                   |  1- 3 |  4- 6 || total
-------------------------+-------+-------++-------
Melee: War axe           |    48 |    37 ||    85
       Constrict         |    15 |    10 ||    25
       Tentacles         |     5 |     8 ||    13
 Stab: Sleeping          |     3 |       ||     3
  Eat: Ration            |     1 |     1 ||     2
Armor: Skin              |     3 |       ||     3
Dodge: Dodged            |    19 |     7 ||    26
Block: Kite shield       |    27 |    12 ||    39

Table legend:
 A = Non-vault XP
 B = Vault XP
 C = Vault XP percentage of total XP
 D = Non-vault monster count
 E = Vault monster count
 F = Vault count percentage of total count
                 A         B        C        D         E       F
            +---------+---------+-------+---------+---------+-------
      Total |     247 |       0 |   0.0 |      42 |       0 |   0.0
            +---------+---------+-------+---------+---------+-------
        D:1 |      16 |       0 |   0.0 |       9 |       0 |   0.0
        D:2 |      42 |       0 |   0.0 |      12 |       0 |   0.0
        D:3 |      76 |       0 |   0.0 |      12 |       0 |   0.0
        D:4 |     113 |       0 |   0.0 |       9 |       0 |   0.0
            +---------+---------+-------+---------+---------+-------
